PBL
PARIS CUBS @ NIAGARA FALLS PHANTOMS
10/20/2049
 
TOP OF THE 1ST
Florida State University Seminoles batting - Pitching for University of Alabama Crimson Tide : RHP Dwayne Boivin
Pitching: RHP Dwayne Boivin
Batting: SHB Jon Odle 0-0: Hit by Pitch
Batting: SHB John Welsh 0-0: Ball
1-0: Fly out, F4 (Popup, 4, EV 76.2 MPH)
Batting: RHB George Smienk 0-0: Swinging Strike
0-1: Ball
1-1: Ball
2-1: Fly out, F6 (Line Drive, 56, EV 93.1 MPH)
Batting: LHB John Doiron 0-0: Called Strike
0-1: Ball
Jon Odle steals 2nd base
1-1: Ball
2-1: Called Strike
2-2: Strikes out looking
Top of the 1st over - 0 runs, 0 hits, 0 errors, 1 left on base; Florida State University 0 - University of Alabama 0
BOTTOM OF THE 1ST
University of Alabama Crimson Tide batting - Pitching for Florida State University Seminoles : RHP Wade Striegel
Pitching: RHP Wade Striegel
Batting: RHB Jong-your Lee 0-0: Called Strike
0-1: SOLO HOME RUN (Flyball, 78XD, EV 116.2 MPH), Distance : 452 ft
Batting: LHB Matt Barkley 0-0: Ball
1-0: SINGLE (Groundball, 4M, EV 101.9 MPH) (infield hit)
Batting: LHB Platon Protopsaltis 0-0: Called Strike
Matt Barkley is caught stealing 2nd base 2-6
0-1: Called Strike
0-2: Ball
1-2: Strikes out swinging
Batting: RHB Hughie Withers 0-0: DOUBLE (Line Drive, 9LS, EV 106.9 MPH) - OUT at third base trying to stretch hit.
Bottom of the 1st over - 1 run, 3 hits, 0 errors, 0 left on base; Florida State University 0 - University of Alabama 1
TOP OF THE 2ND
Florida State University Seminoles batting - Pitching for University of Alabama Crimson Tide : RHP Dwayne Boivin
Batting: RHB Bart Hall 0-0: Reached on error, E9 (Line Drive, 9, EV 84.4 MPH)
Batting: LHB Jeff Shields 0-0: Ball
1-0: Ball
2-0: Ball
3-0: Called Strike
3-1: Called Strike
3-2: Foul Ball, location: 2F
3-2: Foul Ball, location: 2F
3-2: Ground out 5-3 (Groundball, 5, EV 89.4 MPH)
Batting: LHB Matt Stewart 0-0: Ground out U3 (Groundball, 34, EV 109.4 MPH)
Bart Hall to third
Batting: RHB J.R. Harvey 0-0: Ball
1-0: Swinging Strike
1-1: Called Strike
1-2: Strikes out swinging
Top of the 2nd over - 0 runs, 0 hits, 1 error, 1 left on base; Florida State University 0 - University of Alabama 1
BOTTOM OF THE 2ND
University of Alabama Crimson Tide batting - Pitching for Florida State University Seminoles : RHP Wade Striegel
Batting: RHB Fernando Reyes 0-0: Ball
1-0: Ball
2-0: Foul Ball, location: 2F
2-1: Foul Ball, location: 2F
2-2: Ball
3-2: Strikes out swinging
Batting: RHB Onorato Zacagnini 0-0: Ball
1-0: Ball
2-0: Ground out 6-3 (Groundball, 6, EV 96.9 MPH)
Batting: RHB John Hicken 0-0: Called Strike
0-1: Ball
1-1: Called Strike
1-2: Foul Ball, location: 2F
1-2: Ball
2-2: SINGLE (Flyball, 8RS, EV 93.8 MPH)
Batting: SHB Mike Bidwell 0-0: Called Strike
John Hicken is caught stealing 2nd base 2-6
Bottom of the 2nd over - 0 runs, 1 hit, 0 errors, 0 left on base; Florida State University 0 - University of Alabama 1
TOP OF THE 3RD
Florida State University Seminoles batting - Pitching for University of Alabama Crimson Tide : RHP Dwayne Boivin
Batting: LHB Brian Clayton 0-0: Foul Ball, location: 2F
0-1: Swinging Strike
0-2: Ball
1-2: Ball
2-2: Foul Ball, location: 2F
2-2: Foul Ball, location: 2F
2-2: Strikes out swinging
Batting: SHB Jon Odle 0-0: Called Strike
0-1: Ball
1-1: Fly out, F7 (Flyball, 7D, EV 102.5 MPH)
Batting: SHB John Welsh 0-0: Foul Ball, location: 2F
0-1: Foul Ball, location: 2F
0-2: Foul Ball, location: 2F
0-2: Ball
1-2: Hit by Pitch
Batting: RHB George Smienk 0-0: Ball
1-0: Ball
John Welsh is caught stealing 2nd base 2-4
Top of the 3rd over - 0 runs, 0 hits, 0 errors, 0 left on base; Florida State University 0 - University of Alabama 1
BOTTOM OF THE 3RD
University of Alabama Crimson Tide batting - Pitching for Florida State University Seminoles : RHP Wade Striegel
Batting: SHB Mike Bidwell 0-0: Ground out 2-3 (Groundball, 13S, EV 70.6 MPH)
Batting: RHB Eric Kilmer 0-0: Ball
1-0: Called Strike
1-1: Ball
2-1: Ground out 6-3 (Groundball, 6, EV 91.9 MPH)
Pitching: RHP Jaivaha Nagpal
Batting: RHB Jong-your Lee 0-0: Called Strike
0-1: Foul Ball, location: 2F
0-2: Ball
1-2: Ball
2-2: Ball
3-2: Strikes out looking
Bottom of the 3rd over - 0 runs, 0 hits, 0 errors, 0 left on base; Florida State University 0 - University of Alabama 1
TOP OF THE 4TH
Florida State University Seminoles batting - Pitching for University of Alabama Crimson Tide : RHP Dwayne Boivin
Batting: RHB George Smienk 0-0: Ball
1-0: Ball
2-0: SINGLE (Groundball, 6, EV 96.9 MPH)
Batting: LHB John Doiron 0-0: Called Strike
0-1: Called Strike
0-2: Ball
1-2: Strikes out swinging
Batting: RHB Bart Hall 0-0: Called Strike
George Smienk steals 2nd base
0-1: Ground out 5-3 (Groundball, 56S, EV 63.8 MPH)
George Smienk to third
Batting: LHB Jeff Shields 0-0: Called Strike
0-1: Swinging Strike
0-2: SINGLE (Line Drive, 89S, EV 111.9 MPH)
George Smienk scores
Batting: LHB Matt Stewart 0-0: Swinging Strike
0-1: Ball
1-1: Foul Ball, location: 2F
1-2: Foul Ball, location: 2F
1-2: Ball
2-2: Foul Ball, location: 2F
2-2: Ground out 4-3 (Groundball, 4, EV 101.9 MPH)
Top of the 4th over - 1 run, 2 hits, 0 errors, 1 left on base; Florida State University 1 - University of Alabama 1
BOTTOM OF THE 4TH
University of Alabama Crimson Tide batting - Pitching for Florida State University Seminoles : RHP Jaivaha Nagpal
Batting: LHB Matt Barkley 0-0: Foul Ball, location: 2F
0-1: Foul Ball, location: 2F
0-2: Foul Ball, location: 2F
0-2: Strikes out swinging
Batting: LHB Platon Protopsaltis 0-0: Called Strike
0-1: Ball
1-1: Ball
2-1: Foul Ball, location: 2F
2-2: Strikes out looking
Batting: RHB Hughie Withers 0-0: Foul Ball, location: 2F
0-1: Ball
1-1: Ground out 6-3 (Groundball, 6, EV 81.9 MPH)
Bottom of the 4th over - 0 runs, 0 hits, 0 errors, 0 left on base; Florida State University 1 - University of Alabama 1
TOP OF THE 5TH
Florida State University Seminoles batting - Pitching for University of Alabama Crimson Tide : RHP Dwayne Boivin
Pitching: RHP Justin Hillard
Now at 2B: Rodrik Gardner
Now in LF: Andrew Robison
Batting: RHB J.R. Harvey 0-0: Called Strike
0-1: Swinging Strike
0-2: Ball
1-2: Ball
2-2: Ball
3-2: Foul Ball, location: 2F
3-2: Foul Ball, location: 2F
3-2: Foul Ball, location: 2F
3-2: Foul Ball, location: 2F
3-2: Foul Ball, location: 2F
3-2: Strikes out swinging
Batting: LHB Brian Clayton 0-0: Called Strike
0-1: Swinging Strike
0-2: Ball
1-2: Strikes out swinging
Batting: SHB Jon Odle 0-0: Called Strike
0-1: Foul Ball, location: 2F
0-2: Strikes out swinging
Top of the 5th over - 0 runs, 0 hits, 0 errors, 0 left on base; Florida State University 1 - University of Alabama 1
BOTTOM OF THE 5TH
University of Alabama Crimson Tide batting - Pitching for Florida State University Seminoles : RHP Jaivaha Nagpal
Batting: RHB Fernando Reyes 0-0: Swinging Strike
0-1: Foul Ball, location: 2F
0-2: Ball
1-2: Ball
2-2: Strikes out looking
Batting: RHB Onorato Zacagnini 0-0: Called Strike
0-1: Ball
1-1: Ball
2-1: Ball
3-1: Ground out 4-3 (Groundball, 13, EV 91.9 MPH)
Batting: RHB John Hicken 0-0: Ball
1-0: Ball
2-0: Ball
3-0: Base on Balls
Batting: SHB Mike Bidwell 0-0: Foul Ball, location: 2F
0-1: Foul Ball, location: 2F
0-2: Ball
1-2: Strikes out swinging
Bottom of the 5th over - 0 runs, 0 hits, 0 errors, 1 left on base; Florida State University 1 - University of Alabama 1
TOP OF THE 6TH
Florida State University Seminoles batting - Pitching for University of Alabama Crimson Tide : RHP Justin Hillard
Pitching: RHP Dave Bellah
Pinch Hitting: RHB Grayson Carmichael 0-0: Ground out 6-3 (Groundball, 6, EV 78.8 MPH)
Batting: RHB Randy Bartlett 0-0: Foul Ball, location: 2F
0-1: Foul Ball, location: 2F
0-2: Foul Ball, location: 2F
0-2: Foul Ball, location: 2F
0-2: Strikes out swinging
Pinch Hitting: RHB Julio Mendoza 0-0: Ball
1-0: Ball
2-0: Ball
3-0: Base on Balls
Batting: RHB Bart Hall 0-0: Called Strike
0-1: Called Strike
0-2: Ball
1-2: Strikes out swinging
Top of the 6th over - 0 runs, 0 hits, 0 errors, 1 left on base; Florida State University 1 - University of Alabama 1
BOTTOM OF THE 6TH
University of Alabama Crimson Tide batting - Pitching for Florida State University Seminoles : RHP Jaivaha Nagpal
Pitching: LHP Dan Monk
Now at C: Hastings Miller
Now at 1B: Jorge Grijalva
Now in LF: Julio Mendoza
Batting: RHB Eric Kilmer 0-0: Ground out 6-3 (Groundball, 6, EV 86.2 MPH)
Batting: RHB Rodrik Gardner 0-0: Called Strike
0-1: Ball
1-1: Swinging Strike
1-2: Ball
2-2: Foul Ball, location: 2F
2-2: Foul Ball, location: 2F
2-2: Ball
3-2: Foul Ball, location: 2F
3-2: Foul Ball, location: 2F
3-2: Hit by Pitch
Batting: SHB Andrew Robison 0-0: Ball
1-0: Foul Ball, location: 2F
1-1: Called Strike
1-2: Ball
2-2: Ball
3-2: Base on Balls
Rodrik Gardner to second
Pinch Hitting: LHB Joe Blackwood 0-0: Ball
1-0: Foul Ball, location: 2F
1-1: Swinging Strike
1-2: Strikes out swinging
Batting: RHB Hughie Withers 0-0: Foul Ball, location: 2F
0-1: Ball
1-1: Swinging Strike
1-2: Ball
2-2: Ball
3-2: Ground out 6-3 (Groundball, 6, EV 84.4 MPH)
Bottom of the 6th over - 0 runs, 0 hits, 0 errors, 2 left on base; Florida State University 1 - University of Alabama 1
TOP OF THE 7TH
Florida State University Seminoles batting - Pitching for University of Alabama Crimson Tide : RHP Dave Bellah
Pitching: RHP Ryan Kath
Now at 1B: Adam Antico
Now in CF: Joe Blackwood
Batting: LHB Jeff Shields 0-0: Ball
1-0: Foul Ball, location: 2F
1-1: Swinging Strike
1-2: Ball
2-2: Strikes out swinging
Batting: LHB Matt Stewart 0-0: Ball
1-0: Ground out 1-3 (Groundball, 15S, EV 65.0 MPH)
Batting: RHB J.R. Harvey 0-0: Called Strike
0-1: Ball
1-1: Foul Ball, location: 2F
1-2: Strikes out swinging
Top of the 7th over - 0 runs, 0 hits, 0 errors, 0 left on base; Florida State University 1 - University of Alabama 1
BOTTOM OF THE 7TH
University of Alabama Crimson Tide batting - Pitching for Florida State University Seminoles : LHP Dan Monk
Pitching: RHP Bob Guerrero
Batting: LHB Dallas Shaw 0-0: Ball
1-0: Foul Ball, location: 2F
1-1: Called Strike
1-2: Ground out 5-3 (Groundball, 56S, EV 75.6 MPH)
Batting: LHB Adam Antico 0-0: Ball
1-0: Ball
2-0: Ball
3-0: Called Strike
3-1: Foul Ball, location: 2F
3-2: Ground out U3 (Groundball, 3, EV 88.1 MPH)
Batting: RHB John Hicken 0-0: Foul Ball, location: 2F
0-1: Ball
1-1: SINGLE (Groundball, 4, EV 106.2 MPH)
Batting: SHB Mike Bidwell 0-0: Called Strike
0-1: Ball
1-1: Foul Ball, location: 2F
1-2: Strikes out looking
Bottom of the 7th over - 0 runs, 1 hit, 0 errors, 1 left on base; Florida State University 1 - University of Alabama 1
TOP OF THE 8TH
Florida State University Seminoles batting - Pitching for University of Alabama Crimson Tide : RHP Ryan Kath
Pitching: RHP Ghi-cheng Tseng
Batting: LHB Brian Clayton 0-0: Called Strike
0-1: Ball
1-1: Ball
2-1: Foul Ball, location: 2F
2-2: Ground out 6-3 (Groundball, 6M, EV 85.6 MPH)
Batting: SHB Jon Odle 0-0: Foul Ball, location: 2F
0-1: Foul Ball, location: 2F
0-2: Ball
1-2: Foul Ball, location: 2F
1-2: Ball
2-2: Foul Ball, location: 2F
2-2: Foul Ball, location: 2F
2-2: Ball
3-2: SINGLE (Groundball, 4D, EV 100.6 MPH)
Batting: RHB Jorge Grijalva 0-0: Swinging Strike
0-1: Foul Ball, location: 2F
0-2: Ball
Wild Pitch!
Jon Odle to second
1-2: Strikes out looking
Batting: RHB Randy Bartlett 0-0: Foul Ball, location: 2F
0-1: Called Strike
0-2: Ball
1-2: Ball
2-2: Strikes out swinging
Top of the 8th over - 0 runs, 1 hit, 0 errors, 1 left on base; Florida State University 1 - University of Alabama 1
BOTTOM OF THE 8TH
University of Alabama Crimson Tide batting - Pitching for Florida State University Seminoles : RHP Bob Guerrero
Pitching: RHP Josh Walker
Batting: RHB Eric Kilmer 0-0: Ball
1-0: Called Strike
1-1: Foul Ball, location: 2F
1-2: Strikes out swinging
Batting: RHB Rodrik Gardner 0-0: Ball
1-0: SINGLE (Line Drive, 4MD, EV 108.1 MPH)
Batting: SHB Andrew Robison 0-0: Foul Ball, location: 2F
0-1: Bunted foul
0-2: Foul Ball, location: 2F
0-2: Ball
1-2: Foul Ball, location: 2F
1-2: SINGLE (Groundball, 34, EV 95.0 MPH)
Rodrik Gardner to second
Runner from 2nd tries for 3rd, SAFE, throw by RF made to third
Batting: LHB Joe Blackwood 0-0: Ball
1-0: Ball
2-0: Swinging Strike
2-1: Called Strike
Andrew Robison steals 2nd base
2-2: DOUBLE (Groundball, 5L, EV 110.6 MPH)
Rodrik Gardner scores
Andrew Robison scores
Batting: RHB Hughie Withers 0-0: Ball
1-0: Called Strike
1-1: Foul Ball, location: 2F
1-2: Ground out 4-3 (Groundball, 4, EV 81.2 MPH)
Joe Blackwood to third
Batting: LHB Dallas Shaw 0-0: Ball
1-0: Ground out 4-3 (Groundball, 4S, EV 82.5 MPH)
Bottom of the 8th over - 2 runs, 3 hits, 0 errors, 1 left on base; Florida State University 1 - University of Alabama 3
TOP OF THE 9TH
Florida State University Seminoles batting - Pitching for University of Alabama Crimson Tide : RHP Ghi-cheng Tseng
Pitching: RHP Michael Outcalt
Batting: RHB Julio Mendoza 0-0: Swinging Strike
0-1: Called Strike
0-2: Foul Ball, location: 2F
0-2: Foul Ball, location: 2F
0-2: Ball
1-2: Ball
2-2: Strikes out looking
Batting: LHB Hastings Miller 0-0: Called Strike
0-1: Swinging Strike
0-2: Ball
1-2: Ground out U3 (Groundball, 3S, EV 83.8 MPH)
Batting: LHB Jeff Shields 0-0: Foul Ball, location: 2F
0-1: Foul Ball, location: 2F
0-2: Ball
1-2: Ball
2-2: Strikes out looking
Top of the 9th over - 0 runs, 0 hits, 0 errors, 0 left on base; Florida State University 1 - University of Alabama 3
Sunday, July 16th , 2023 - OOTP Baseball 24.6 Build 69